 Dungeon Crawl Stone Soup version 0.15.0-14-g6bbbb5c (webtiles) character file.

210 tkappleton the Skirmisher (level 5, -2/26 HPs)
             Began as a Felid Abyssal Knight on Sept 4, 2014.
             Was a Priest of Lugonu.
             Slain by an ogre skeleton (11 damage)
             ... on Level 5 of the Dungeon.
             The game lasted 00:20:46 (4082 turns).

tkappleton the Skirmisher (Felid Abyssal Knight)    Turns: 4082, Time: 00:20:46

HP  -2/26        AC  2     Str  8      XL: 5   Next: 57%
MP   9/9         EV 18     Int 11      God: Lugonu [***...]
Gold 162         SH  0     Dex 17      Spells:  0 memorised,  4 levels left
Lives: 0, deaths: 1

rFire  + . .     SeeInvis +       - Unarmed
rCold  x . .     Clarity  .     (armour unavailable)
rNeg   + . .     rCorr    .     (shield unavailable)
rPois  +         rRot     .     (helmet unavailable)
rElec  .         Spirit   .     (cloak unavailable)
SustAb .         Warding  +     (gloves unavailable)
rMut   .         Stasis   .     (boots unavailable)
Gourm  .                        a - amulet of warding
MR     .....                    t - ring of poison resistance
                                v - ring of Huryuse {Fire Int-3}

@: quick, not resistant to hostile enchantments, fairly stealthy
A: paw claws, no armour, no weapons or thrown items, fangs 3, see invisible,
carnivore 3, speed 1, shaggy fur 2, slow metabolism 1, jump 2
a: Jump Attack, Depart the Abyss, Bend Space, Banish, Renounce Religion


You were on level 5 of the Dungeon.
You worshipped Lugonu.
Lugonu was most pleased with you.
You were not hungry.

You visited 2 branches of the dungeon, and saw 6 of its levels.
You visited the Abyss 1 time.

You collected 162 gold pieces.

Inventory:

Hand weapons
 n - a +2 hunting sling of freezing
 o - a cursed -3 dagger
 r - a +2 glaive of venom
 u - a cursed -2 dagger
Magical devices
 l - a wand of heal wounds (0)
Comestibles
 c - 2 meat rations
 w - a beef jerky
Scrolls
 b - 2 scrolls of enchant armour {unknown}
 d - a scroll of immolation {unknown}
 e - 5 scrolls of identify {unknown}
 i - 2 scrolls of remove curse {unknown}
 k - a scroll of amnesia {unknown}
 p - a scroll of fear {unknown}
 q - a scroll of recharging {unknown}
 s - 2 scrolls of teleportation {unknown}
Jewellery
 a - an amulet of warding (around neck)
 g - an uncursed ring of protection from fire
 t - a ring of poison resistance (right paw)
 v - the ring of Huryuse (left paw) {Fire Int-3}
   (You found it on level 4 of the Dungeon)

   [ring of fire]

   It enhances your fire magic, and weakens your ice magic.
   It affects your intelligence (-3).
   It protects you from fire.
   It makes you vulnerable to cold.
Potions
 f - 2 potions of brilliance {unknown}
 h - a potion of might {unknown}
 j - a potion of flight {unknown}
 m - 2 potions of curing {unknown}


   Skills:
 + Level 5.4 Fighting
 - Level 3.2 Dodging
 + Level 3.6 Stealth
 + Level 4.5 Unarmed Combat
 - Level 1.7 Invocations


You had 4 spell levels left.
You didn't know any spells.

Dungeon Overview and Level Annotations

Branches:
Dungeon (5/15)             Temple (1/1) D:4

Altars:
Ashenzari
Cheibriados
Dithmenos
Elyvilon
Fedhas
Kikubaaqudgha
Nemelex Xobeh
Okawaru
Qazlal
Sif Muna
Trog
Vehumet
Xom
Zin
The Shining One

Annotations:
D:2 Sigmund


Innate Abilities, Weirdness & Mutations

You cannot wear armour.
You are incapable of wielding weapons or throwing items.
Your paws have sharp claws.
You have razor-sharp teeth.
You have supernaturally acute eyesight.
You are carnivorous and can eat meat at any time.
You cover ground quickly.
You are covered in thick fur (AC +2).
You have a slow metabolism.
You can jump attack at a medium distance.


Message History

The ogre skeleton hits you.
You claw the black bear skeleton!
The black bear skeleton closely misses you. x2
The black bear skeleton completely misses you.
The ogre skeleton barely misses you.
You scratch the black bear skeleton.
You destroy the black bear skeleton!
Lugonu accepts your kill.
You claw the ogre skeleton! The ogre skeleton hits you!
You scratch the ogre skeleton. The ogre skeleton misses you.
You scratch the ogre skeleton but do no damage.
The ogre skeleton misses you.
Evoke which item? (* to show all) (? for menu, Esc to quit)
Zapping:
l - a wand of heal wounds {zapped: 2}
Press: ? - help, Shift-Dir - straight line, f - you You feel much better.
You scratch the ogre skeleton. The ogre skeleton hits you.
You completely miss the ogre skeleton. The ogre skeleton hits you!
You claw the ogre skeleton! The ogre skeleton hits you!
You die...

#######
#......#
+$.....#
#......#
#..$..)#
#......#
#......#
+...Z@.#####
#..........#
........#.<#.#
#######.####
... ##.# #.#
#.# #.#


You could see an ogre skeleton.

Vanquished Creatures
  A phantom (D:4)
  A black bear skeleton (D:5)
  2 orc priests (D:3)
  A worker ant (D:4)
  3 orc wizards (D:3)
  3 adders
  A worm (D:4)
  5 giant geckos
  An ooze (D:2)
  11 orcs
  2 giant cockroaches
  6 goblins
  3 hobgoblins (D:4)
  3 quokkas (D:3)
  12 bats
  A giant gecko skeleton (D:4)
  3 giant newts
  8 kobolds
  6 rats
  A rat skeleton (D:4)
74 creatures vanquished.

Vanquished Creatures (others)
  A giant gecko (D:1)
1 creature vanquished.

Grand Total: 75 creatures vanquished

Notes
Turn   | Place    | Note
--------------------------------------------------------------
     0 | Abyss:1  | tkappleton, the Felid Abyssal Knight, began the quest for the Orb.
     0 | Abyss:1  | Reached XP level 1. HP: 10/10 MP: 2/2
    14 | D:1      | Escaped the Abyss
   183 | D:1      | Reached XP level 2. HP: 8/14 MP: 3/3
   256 | D:1      | Found a sparkling altar of Nemelex Xobeh.
   847 | D:2      | Acquired Lugonu's second power
   875 | D:2      | Found a radiant altar of Vehumet.
   875 | D:2      | Found an iron altar of Okawaru.
   887 | D:2      | Found an ancient bone altar of Kikubaaqudgha.
   890 | D:2      | Noticed Sigmund
  1178 | D:2      | Reached XP level 3. HP: 14/18 MP: 5/5
  1405 | D:3      | Found a white marble altar of Elyvilon.
  1412 | D:3      | Found a shadowy altar of Dithmenos.
  1412 | D:3      | Found a shimmering altar of Xom.
  1595 | D:3      | Reached skill level 4 in Fighting
  1595 | D:3      | Reached XP level 4. HP: 14/22 MP: 8/8
  2099 | D:3      | Reached skill level 1 in Stealth
  2099 | D:3      | Reached XP level 5. HP: 18/25 MP: 9/9
  2352 | D:3      | Acquired Lugonu's third power
  2821 | D:4      | Found a staircase to the Ecumenical Temple.
  2830 | Temple   | Entered the Ecumenical Temple
  3224 | D:4      | Noticed a phantom
  3239 | D:4      | Reached skill level 5 in Fighting
  3317 | D:4      | Killed a phantom
  3317 | D:4      | Gained mutation: You are covered in thick fur (AC +2). [growing up]
  3317 | D:4      | Gained mutation: You can jump attack at a medium distance. [growing up]
  3317 | D:4      | Reached XP level 6. HP: 26/30 MP: 11/11
  3329 | D:4      | Got a warped glass ring
  3331 | D:4      | Identified the ring of Huryuse {Fire Int-3} (You found it on level 4 of the Dungeon)
  3988 | D:4      | Demolished by an ogre
  3989 | D:4      | Reached XP level 5. HP: -16/26 MP: 9/9
  4064 | D:5      | Entered Level 5 of the Dungeon
  4082 | D:5      | Slain by an ogre skeleton

Action                   |  1- 3 |  4- 6 || total
-------------------------+-------+-------++-------
Melee: Unarmed           |    86 |   195 ||   281
Evoke: Wand              |       |     4 ||     4
 Stab: Sleeping          |     2 |     7 ||     9
       Distracted        |       |     1 ||     1
  Eat: Chunk             |     1 |     4 ||     5
